 Dungeon Crawl Stone Soup version 0.28.0-53-g5a82cb258f (webtiles) character file.

Game seed: 6094336884959985194

18 DocClef the Skirmisher (level 2, -3/27 HPs)
             Began as a Draconian Fighter on June 15, 2022.
             Succumbed to Terence's poison
             ... on level 2 of the Dungeon.
             The game lasted 00:00:44 (972 turns).

DocClef the Skirmisher (Draconian Fighter)           Turns: 972, Time: 00:00:45

Health: -3/27      AC:  4    Str: 18    XL:     2   Next: 51%
Magic:  2/2        EV: 11    Int:  8    God:
Gold:   36         SH:  4    Dex: 10    Spells: 1/1 levels left

rFire   . . .      SeeInvis .   a - +0 war axe
rCold   . . .      Faith    .   b - +0 buckler
rNeg    . . .      Spirit   .   (armour unavailable)
rPois   .          Reflect  .   (helmet restricted)
rElec   .          Harm     .   (no cloak)
rCorr   .          Rampage  .   (no gloves)
Will    .....                   (no boots)
Stlth   +.........              (no amulet)
HPRegen 0.09/turn               (no ring)
MPRegen 0.08/turn               (no ring)

@: lethally poisoned (-3 -> -24)
A: AC +4, unfitting armour, cold-blooded
a: no special abilities


You were on level 2 of the Dungeon.
You visited 1 branch of the dungeon, and saw 2 of its levels.

You collected 36 gold pieces.

Inventory:

Hand Weapons
 a - a +0 war axe (weapon)
Armour
 b - a +0 buckler (worn)
Scrolls
 d - a scroll of magic mapping {unknown}
 e - 2 scrolls of identify {unknown}
 g - a scroll of blinking {unknown}
 h - a scroll of teleportation {unknown}
Potions
 c - a potion of might
 f - 3 potions of heal wounds {unknown}


   Skills:
 + Level 3.8 Fighting
 + Level 2.6 Axes
 - Level 2.6 Dodging
 - Level 3.0 Shields


You had one spell level left.
You didn't know any spells.
Your spell library was empty.

Dungeon Overview and Level Annotations

Branches:
Dungeon (2/15)

Altars:

Annotations:
D:2 Terence


Innate Abilities, Weirdness & Mutations

Your plain brown scales are hard. (AC +4)
You cannot fit into any form of body armour.
You are cold-blooded and may be slowed by cold attacks.


Message History

You are poisoned.
You hit Terence but do no damage.
Terence is lightly wounded.
You feel very sick.
Terence hits you with a +3 short sword of venom.
You are lethally poisoned!
You are too injured to fight recklessly!
You are too injured to fight recklessly!
You are too injured to fight recklessly!
You are too injured to fight recklessly!
You are too injured to fight recklessly!
You are too injured to fight recklessly!
You are too injured to fight recklessly!
You are too injured to fight recklessly!
You are too injured to fight recklessly!
You are too injured to fight recklessly!
You are too injured to fight recklessly!
You are too injured to fight recklessly!
You are too injured to fight recklessly!
You are too injured to fight recklessly!
You are too injured to fight recklessly!
You are too injured to fight recklessly!
You are too injured to fight recklessly!
You are too injured to fight recklessly!
You are too injured to fight recklessly!
You are too injured to fight recklessly!
You are too injured to fight recklessly!
You are too injured to fight recklessly!
Unknown command.
You hit Terence but do no damage.
Your tail-slap misses Terence.
Terence is lightly wounded.
* * * LOW HITPOINT WARNING * * *
You feel very sick. Terence barely misses you.
Terence hits you with a +3 short sword of venom.
* * * LOW HITPOINT WARNING * * *
You are more poisoned.
You hit Terence.
Terence is moderately wounded.
You die...

#.......#.#
####..###.#
#......# #.######
#.# #.# #.#
######.#####
.........@@.#
######.!.#.......
#...(..####.
#...#..# #......#
#..###.# #..# .#
### ..


You could see Terence.

Vanquished Creatures
  3 bats (D:1)
  2 endoplasms
  A giant cockroach (D:1)
  2 goblins (D:1)
  2 hobgoblins (D:1)
  4 kobolds (D:1)
  A frilled lizard (D:1)
  2 rats (D:1)
17 creatures vanquished.

Notes
Turn   | Place    | Note
-------+----------+-------------------------------------------
     0 | D:1      | DocClef the Draconian Fighter began the quest for the Orb.
     0 | D:1      | Reached XP level 1. HP: 19/19 MP: 1/1
   411 | D:1      | Reached XP level 2. HP: 27/27 MP: 2/2
   965 | D:2      | Noticed Terence
   972 | D:2      | Succumbed to Terence's poison

Illustrated notes

Levels and vault maps discovered:
D:1:      psy_arrival_basics, layout_basic, minmay_misc_feat_enclosed,
          chequers_serial_rivers_large_a
D:2:      layout_loops_corners, basic_altar, grunt_ministairs_4, uniq_terence

Action                   || total
-------------------------++-------
Melee: War axe           ||    48
       Tailslap          ||     5
Armor: Skin              ||    21
Dodge: Dodged            ||    38
Block: Buckler           ||    12
